 Dungeon Crawl Stone Soup version 0.24.0-1-gfbc8707122 (webtiles) character file.

Game seed: 17560006078139355419, levelgen mode: deterministic

170 Monsterracer the Skirmisher (level 5, -3/41 HPs)
             Began as a Demonspawn Abyssal Knight on Oct 26, 2019.
             Was a Believer of Lugonu.
             Killed from afar by Sigmund (8 damage)
             ... with a magic dart
             ... on level 5 of the Dungeon.
             The game lasted 00:02:31 (3856 turns).

Monsterracer the Skirmisher (DsAK)                  Turns: 3856, Time: 00:02:32

Health: -3/41      AC:  7    Str: 17    XL:     5   Next: 25%
Magic:  7/7        EV: 11    Int: 14    God:    Lugonu [**....]
Gold:   118        SH:  0    Dex: 12    Spells: 4/4 levels left

rFire    . . .     SeeInvis .   a - +0 broad axe
rCold    . . .     Gourm    .   (no shield)
rNeg     . . .     Faith    .   i - +0 ring mail (curse)
rPois    .         Spirit   .   j - +0 helmet
rElec    .         Reflect  .   s - +0 cloak
rCorr    .         Harm     .   (no gloves)
MR       .....                  (no boots)
Stlth    ..........             (no amulet)
HPRegen  0.13/turn              h - +4 ring of strength (curse)
MPRegen  0.10/turn              (no ring)

@: no status effects
A: hooves 2
a: Depart the Abyss, Bend Space, Renounce Religion


You were on level 5 of the Dungeon.
You worshipped Lugonu.
Lugonu was pleased with you.
You were not hungry.

You visited 1 branch of the dungeon, and saw 5 of its levels.
You visited the Abyss 1 time.

You collected 118 gold pieces.

Inventory:

Hand Weapons
 a - a +0 broad axe (weapon)
   (You found it on level 3 of the Dungeon)
Armour
 i - a cursed +0 ring mail (worn)
   (You found it on level 1 of the Dungeon)
 j - a +0 helmet (worn)
   (You found it on level 2 of the Dungeon)
 s - a +0 cloak (worn)
   (You found it on level 2 of the Dungeon)
Jewellery
 d - an uncursed ring of fire
   (You found it on level 1 of the Abyss)
 h - a cursed +4 ring of strength (left hand)
   (You found it on level 1 of the Dungeon)
Scrolls
 b - 2 scrolls of teleportation {unknown}
 f - 2 scrolls of enchant armour {unknown}
 m - a scroll of remove curse {unknown}
 p - a scroll of blinking {unknown}
 q - 2 scrolls of fog {unknown}
 t - a scroll of fear {unknown}
Potions
 e - a potion of flight {unknown}
 g - a potion of magic {unknown}
 k - a potion of heal wounds {unknown}
 l - a potion of cancellation {unknown}
 n - a potion of degeneration {unknown}
 o - a potion of brilliance {unknown}
Comestibles
 c - 3 rations
 r - 3 chunks of flesh


   Skills:
 - Level 3.6 Fighting
 + Level 2.7(3.4) Axes
   Level 3.1(3.6) Maces & Flails
 - Level 2.0 Armour
 - Level 1.2 Dodging
 - Level 2.8 Invocations


You had 4 spell levels left.
You didn't know any spells.
Your spell library was empty.

Dungeon Overview and Level Annotations

Branches:
Dungeon (5/15)
 Temple: D:4-7

Altars:
Vehumet

Annotations:
D:5 Sigmund


Innate Abilities, Weirdness & Mutations

You have hoof-like feet.


Message History

The leopard gecko bites you.
You miss the leopard gecko. You kick the leopard gecko.
You kill the leopard gecko!
Lugonu accepts your kill.
You hit the leopard gecko.
You kill the leopard gecko!
Lugonu accepts your kill.
You hit the adder.
The adder bites you but does no damage. x2
You miss the adder.
The adder is heavily wounded.
The adder bites you.
You are poisoned.
The adder poisons you! The adder misses you.
You closely miss the adder.
The adder is heavily wounded.
You barely miss the hound.
You feel sick. The hound bites you but does no damage.
The adder barely misses you. The hound bites you.
The adder bites you but does no damage.
You slash the adder!
You kill the adder!
Lugonu accepts your kill.
You have reached level 5!
You barely miss the hound.
You feel sick. The hound barely misses you.
The hound bites you but does no damage.
You slash the hound! Your kick misses the hound.
The hound is heavily wounded.
The hound barely misses you. The hound bites you but does no damage.
The hound closely misses you.
You slash the hound!
You kill the hound!
Lugonu accepts your kill.
You can now bend space around yourself.
No target in view!
You feel sick.
You see here a hound corpse.
You butcher the hound corpse.
r - 3 chunks of flesh You see here a hound skeleton.
You feel sick.
You see here an adder corpse.
You butcher the adder corpse.
r - 4 chunks of flesh (gained 1)
You see here an adder skeleton.
Eating one of 4 chunks of flesh.
You eat one of the 4 chunks of flesh.
This raw flesh tastes terrible.
You feel sick.
You feel sick.
You are no longer poisoned.
HP restored.
Found a stone staircase leading down.
An ogre comes into view. It is wielding a +0 giant spiked club.
The ogre shouts!
Okay, then.
You aren't carrying any items that you can evoke.
There is a stone staircase leading down here.
You climb downwards.
Found a robe.
There is a stone staircase leading up here.
Found a stone staircase leading down.
t - a scroll labeled ZEPSIDWUISE No target in view!
No target in view!
You open the door.
Sigmund the Dreaded comes into view.
He is wielding a +0 scythe.
Sigmund shouts!
Sigmund moves out of view.
Found a ration.
Sigmund is too close now for your liking.
There is an open door here.
Sigmund hits you with a +0 scythe!
You hit Sigmund.
Sigmund is lightly wounded.
Sigmund says, "Now you see me, now you don't..."
Sigmund hits you with a +0 scythe.
You slash Sigmund!
Sigmund is severely wounded.
Sigmund giggles. "Time to reap what you sow."
Sigmund barely misses you.
You hit Sigmund but do no damage.
Sigmund is severely wounded.
You barely miss Sigmund. Your kick misses Sigmund.
Sigmund is severely wounded.
Sigmund gestures at you while chanting. The magic dart hits you!
Sigmund gestures at you while chanting. The puff of flame hits you!
* * * LOW HITPOINT WARNING * * *
You slash Sigmund! Your kick misses Sigmund.
Sigmund is almost dead.
Sigmund hits you with a +0 scythe!
* * * LOW HITPOINT WARNING * * *
Unknown command.
You hit Sigmund but do no damage. You kick Sigmund, but do no damage.
Sigmund is almost dead.
Sigmund points at you and mumbles some strange words.
The puff of flame misses you.
You hit Sigmund but do no damage.
Sigmund is almost dead.
Sigmund gestures at you while chanting. The magic dart hits you!
You die...

.......<.........>#
..###########.#.###
........#.#
#########.#######
#.......# #######.#
#......#
#####'######
#....@..# #...%@..#
#.......#
........###
#########


You could see Sigmund.

Vanquished Creatures
  A hound (D:4)
  Jessica (D:3)
  6 adders (D:2 D:3 D:4)
  A worm (D:2)
  3 leopard geckos (D:3 D:4)
  10 bats (D:1 D:2 D:3)
  2 giant cockroaches (D:1 D:3)
  12 goblins (D:1 D:2)
  6 hobgoblins (D:1 D:2)
  5 jackals (D:2 D:3)
  3 kobolds (D:1 D:2 D:3)
  2 frilled lizards (D:1)
  2 rats (D:1 D:3)
54 creatures vanquished.

Notes
Turn   | Place    | Note
-------+----------+-------------------------------------------
     0 | Abyss:1  | Monsterracer the Demonspawn Abyssal Knight began the quest
                  | for the Orb.
     0 | Abyss:1  | Reached XP level 1. HP: 18/18 MP: 2/2
    79 | Abyss:1  | Noticed a large abomination
    95 | D:1      | Escaped the Abyss
   159 | D:1      | Reached skill level 1 in Dodging
   161 | D:1      | Reached * piety under Lugonu
   308 | D:1      | Gained mutation: You have large cloven feet. [demonic
                  | ancestry]
   308 | D:1      | Reached XP level 2. HP: 24/24 MP: 4/4
   923 | D:2      | HP: 12/24 [adder (3)]
   924 | D:2      | Reached XP level 3. HP: 14/29 MP: 5/5
   929 | D:2      | HP: 11/29 [poisoned by an adder]
   936 | D:2      | HP: 9/29 [poisoned by an adder]
   943 | D:2      | HP: 7/29 [poisoned by an adder]
   951 | D:2      | HP: 6/29 [poisoned by an adder]
  1734 | D:2      | Found a radiant altar of Vehumet.
  1962 | D:2      | Reached ** piety under Lugonu
  2239 | D:2      | Gained mutation: You have hoof-like feet. [demonic
                  | ancestry]
  2239 | D:2      | Reached XP level 4. HP: 32/36 MP: 6/6
  2871 | D:3      | Reached skill level 1 in Axes
  3197 | D:3      | Noticed Jessica
  3203 | D:3      | HP: 12/36 [Jessica/nerve-wracking pain (11)]
  3204 | D:3      | Killed Jessica
  3705 | D:4      | Reached XP level 5. HP: 35/41 MP: 7/7
  3814 | D:4      | Noticed an ogre
  3818 | D:5      | Entered Level 5 of the Dungeon
  3847 | D:5      | Noticed Sigmund
  3853 | D:5      | HP: 14/41 [Sigmund/puff of flame (9)]
  3854 | D:5      | HP: 5/41 [Sigmund/+0 scythe (10)]
  3856 | D:5      | Killed from afar by Sigmund

Levels and vault maps discovered:
D:1:      dpeg_arrival_another_circle, layout_rooms, serial_corexii_hall,
          chequers_hall_statues_wall_a, corexii_hall_statues_deadend
D:2:      layout_loops_corners, vehumet_crystals
D:3:      layout_loops_corners, patterned_corridor, uniq_jessica
D:4:      layout_rooms, makhleb_heckhound_becter, kennysheep_mini_moat,
          serial_shops, kennysheep_little_box, kennysheep_mini, shop
D:5:      layout_basic, elyvilon_altar_4, lemuel_doored_altar,
          nemelex_xobeh_ov_fountains_minmay, first_ration, uniq_duvessa,
          uniq_ijyb, uniq_sigmund

Skill      XL: |  1  2  3  4 |
---------------+-------------+-----
Dodging        | 1 |  1.2
Maces & Flails | 2 3 |  3.1
Armour         | 2 |  2.0
Axes           | 2 |  2.7
Fighting       | |  3.6
Invocations    | |  2.8

Action                   |  1- 3 |  4- 6 || total
-------------------------+-------+-------++-------
Melee: Mace              |   130 |       ||   130
       Kick              |    21 |     9 ||    30
       War axe           |       |    26 ||    26
       Broad axe         |       |    26 ||    26
Invok: Depart the Abyss  |     1 |       ||     1
  Eat: Chunk             |     4 |     5 ||     9
Armor: Leather armour    |    10 |       ||    10
       Ring mail         |    39 |    28 ||    67
Dodge: Dodged            |   126 |    39 ||   165
